AoeStats
← Iceman

Coastal Forest

511036528Analyzed
4v4 RM · 10h ago on Oct 3, 2026· 55m 27s· 8 players
Game mode
Random Map
Map size
Large (8 player)
Population
200
Speed
Normal
Resources
Standard
Victory
Conquest
Starting age
Dark Age
Ending age
Imperial Age
RankedLock teamsTeams togetherTeam positionsShared explorationLock speedFull tech treeHidden civsTurbo modeCheats
Victory
Defeat
🇺🇸 Vikings · United States
1145
+12
🇭🇰 Dravidians · Hong Kong SAR China
1113
+13
🇨🇦 Vietnamese · Canada
1091
+14
🇺🇸 Burgundians · United States
1053
+16
🇧🇷 Celts · Brazil
1128
-16
🇧🇷 Persians · Brazil
1096
-16
🇧🇷 Cumans · Brazil
1030
-13
🇧🇷 Magyars · Brazil
947
-10
trashypanda
6:59 Loom
9:22 Feudal Age
9:40 Man-at-Arms
14:03 Double-Bit Axe
18:29 Fletching
18:24 Horse Collar
21:21 Wheelbarrow
24:14 Castle Age
23:22 Gold Mining
24:19 Crossbowman
24:55 Bodkin Arrow
25:42 Bow Saw
25:33 Heavy Plow
25:54 Hand Cart
26:50 Ballistics
26:37 Thumb Ring
41:42 Imperial Age
39:32 Bloodlines
39:23 Husbandry
41:38 Scale Barding Armor
41:43 Forging
42:08 Elite Battle Elephant
43:36 Chain Barding Armor
43:51 Iron Casting
44:09 Chatras
51:00 Plate Barding Armor
54:08 Spies/Treason
Age of Umpires II
5:21 Loom
11:46 Feudal Age
12:20 Double-Bit Axe
17:04 Fishing Lines
21:12 Castle Age
19:19 Fletching
19:29 Padded Archer Armor
22:04 Bodkin Arrow
21:59 Crossbowman
23:12 Bow Saw
31:27 Imperial Age
32:23 Arbalester
34:34 Bracer
36:26 Leather Archer Armor
37:42 Ballistics
39:10 Horse Collar
41:21 Chemistry
42:49 Ring Archer Armor
46:38 Elite Longship
55:04 Town Watch
54:48 Spies/Treason
55:48 Conscription
55:31 Bogsveigar
55:45 Bogsveigar
Don Juan el Valiente
0:29 Loom
6:04 Double-Bit Axe
11:03 Feudal Age
9:52 Horse Collar
10:53 Gold Mining
12:16 Bow Saw
13:31 Heavy Plow
14:43 Town Watch
20:25 Castle Age
19:49 Forging
20:02 Gold Mining
21:43 Husbandry
21:03 Cavalier
24:10 Wheelbarrow
24:13 Crop Rotation
25:03 Light Cavalry
28:24 Hand Cart
36:13 Two-Man Saw
37:20 Iron Casting
36:51 Scale Barding Armor
36:36 Fletching
37:58 Burgundian Vineyards
38:37 Gold Shaft Mining
41:47 Imperial Age
39:54 Ballistics
39:15 Treadmill Crane
39:58 Ballistics
39:52 Fortified Wall
40:07 Chain Barding Armor
39:18 Pikeman
39:59 Squires
41:15 Town Patrol
43:35 Blast Furnace
41:57 Hussar
41:58 Paladin
44:59 Plate Barding Armor
44:20 Bodkin Arrow
45:26 Chemistry
45:59 Conscription
46:05 Elite Skirmisher
47:22 Caravan
48:01 Guilds
49:46 Bracer
49:46 Padded Archer Armor
55:46 Coinage
54:42 Spies/Treason
15634125
12:05 Feudal Age
18:39 Castle Age
16:55 Double-Bit Axe
17:26 Horse Collar
18:42 Fishing Lines
20:05 Gillnets
20:55 Bow Saw
22:24 Wheelbarrow
24:18 Loom
24:58 Hand Cart
29:37 Heavy Plow
33:32 Imperial Age
33:04 Pikeman
34:00 Forging
33:51 Scale Mail Armor
33:41 Halberdier
34:54 Elite Elephant Archer
36:38 Chemistry
37:52 Iron Casting
37:32 Chain Mail Armor
37:11 Gold Mining
37:12 Stone Mining
38:25 Two-Man Saw
37:26 Fletching
38:05 Padded Archer Armor
37:56 Siege Elephant
42:51 Wootz Steel
42:43 Medical Corps
42:59 Conscription
44:42 Bodkin Arrow
45:05 Leather Archer Armor
45:54 Blast Furnace
45:28 Plate Mail Armor
45:29 Squires
45:15 Arson
46:17 Ballistics
46:08 Masonry
51:37 Husbandry
52:30 Bracer
53:06 Ring Archer Armor
52:39 Murder Holes
53:14 Shipwright
53:35 Spies/Treason
Haven((GM))
5:50 Loom
12:08 Feudal Age
17:04 Castle Age
15:22 Double-Bit Axe
17:47 Forging
17:38 Scale Mail Armor
26:41 Bow Saw
34:01 Fletching
39:44 Imperial Age
38:15 Wheelbarrow
37:25 Town Watch
38:54 Chain Mail Armor
41:50 Onager
Iceman
1:43 Loom
12:46 Feudal Age
15:52 Man-at-Arms
19:08 Bloodlines
25:38 Castle Age
23:34 Double-Bit Axe
23:32 Horse Collar
23:46 Gold Mining
24:21 Forging
25:46 Scale Mail Armor
26:38 Husbandry
30:29 Heavy Plow
34:22 Bow Saw
35:05 Wheelbarrow
36:50 Kamandaran
39:55 Imperial Age
40:07 Imperial Age
40:05 Fletching
40:24 Scale Barding Armor
40:55 Iron Casting
46:33 Gold Shaft Mining
47:21 Hand Cart
50:18 Pikeman
50:58 Squires
50:45 Arson
Barbukiel | O Gentil
12:31 Feudal Age
12:59 Double-Bit Axe
14:03 Loom
19:34 Gold Mining
19:26 Horse Collar
22:13 Castle Age
22:07 Bloodlines
22:10 Forging
22:06 Scale Barding Armor
27:09 Iron Casting
31:25 Chain Barding Armor
39:58 Imperial Age
40:16 Elite Steppe Lancer
40:52 Fletching
41:03 Padded Archer Armor
41:38 Plate Barding Armor
43:06 Steppe Husbandry
43:30 Elite Skirmisher
46:00 Pikeman
46:41 Squires
Shark
5:43 Loom
11:26 Feudal Age
13:00 Horse Collar
13:06 Double-Bit Axe
20:49 Castle Age
21:27 Loom
26:04 Heavy Plow
30:13 Bow Saw
30:24 Husbandry
33:57 Scale Barding Armor
34:49 Wheelbarrow
34:33 Bloodlines
34:48 Corvinian Army
38:39 Gold Mining
Connection lost

Rejoining the realm…

Still unreachable

The connection could not be restored.

Session expired

The server has moved on; the page needs a fresh start.